 Dungeon Crawl Stone Soup version 0.25-a0-577-ga4619f409e (webtiles) character file.

Game seed: 752061474672341356, levelgen mode: deterministic

384 Flugslaktarn the Chopper (level 6, -11/56 HPs)
             Began as a Minotaur Fighter on Mar 2, 2020.
             Mangled by Prince Ribbit (15 damage)
             ... on level 5 of the Dungeon.
             The game lasted 00:00:45 (2084 turns).

Flugslaktarn the Chopper (Minotaur Fighter)         Turns: 2084, Time: 00:00:46

Health: -11/56     AC:  7    Str: 23    XL:     6   Next: 47%
Magic:  5/5        EV:  7    Int:  5    God:
Gold:   86         SH: 10    Dex:  9    Spells: 5/5 levels left

rFire    . . .     SeeInvis .   a - +0 war axe
rCold    . . .     Gourm    .   c - +0 kite shield
rNeg     . . .     Faith    .   b - +0 scale mail
rPois    .         Spirit   .   (helmet restricted)
rElec    .         Reflect  .   (no cloak)
rCorr    .         Harm     .   (no gloves)
MR       ++...                  (no boots)
Stlth    ..........             (no amulet)
HPRegen  0.18/turn              m - ring of protection from magic
MPRegen  0.09/turn              o - ring of protection from magic

@: no status effects
A: retaliatory headbutt, horns 2
a: no special abilities


You were on level 5 of the Dungeon.
You were not hungry.

You visited 1 branch of the dungeon, and saw 5 of its levels.

You collected 86 gold pieces.

Inventory:

Hand Weapons
 a - a +0 war axe (weapon)
Armour
 b - a +0 scale mail (worn)
 c - a +0 kite shield (worn)
Jewellery
 m - a ring of protection from magic (left hand)
   (You found it on level 5 of the Dungeon)
 o - a ring of protection from magic (right hand)
   (You found it on level 5 of the Dungeon)
Wands
 v - a wand of digging (7)
   (You found it on level 5 of the Dungeon)
Scrolls
 g - 2 scrolls of identify {unknown}
 j - a scroll of enchant weapon {unknown}
 k - 2 scrolls of teleportation {unknown}
 l - a scroll of fog {unknown}
Potions
 d - a potion of might
 f - a potion of resistance {unknown}
 h - a potion of mutation {unknown}
 i - a potion of lignification {unknown}
Comestibles
 e - 6 rations
 n - 7 chunks of flesh


   Skills:
 + Level 5.0 Fighting
 * Level 5.6 Axes
 + Level 5.1 Armour
 + Level 5.0 Shields


You had 5 spell levels left.
You didn't know any spells.
Your spell library was empty.

Dungeon Overview and Level Annotations

Branches:
Dungeon (5/15)
 Temple: D:4-7

Altars:

Shops:
D:4 }

Annotations:
D:5 Prince Ribbit


Innate Abilities, Weirdness & Mutations

You reflexively headbutt those who attack you in melee.
You have a pair of horns on your head.


Message History

Prince Ribbit hits you!
* * * LOW HITPOINT WARNING * * *
Prince Ribbit hits you!
* * * LOW HITPOINT WARNING * * *
You are too injured to fight recklessly!
You are too injured to fight recklessly!
You are too injured to fight recklessly!
You are too injured to fight recklessly!
You are too injured to fight recklessly!
You are too injured to fight recklessly!
You are too injured to fight recklessly!
You are too injured to fight recklessly!
You are too injured to fight recklessly!
You are too injured to fight recklessly!
You are too injured to fight recklessly!
You are too injured to fight recklessly!
You barely miss Prince Ribbit.
Prince Ribbit is moderately wounded.
Prince Ribbit hits you!
You die...

.....# ## #+##
.....#
##.###..##.....#
#..............#
#..............#
#...........(..#
#..............##
#?.......@F.....#
#####..##......#
##..##.(##.....##
#.......[#.....#
#........#.......
#...>....#.......
##..###.####...#.
###..###>########
#...........#


You could see Prince Ribbit.

Vanquished Creatures
  2 ogres
  A howler monkey (D:4)
  A hound (D:3)
  An iguana (D:5)
  An orc wizard (D:4)
  2 worker ants
  A shadow imp (D:5)
  2 oozes
  A worm (D:4)
  A dart slug (D:1)
  2 leopard geckos (D:4)
  5 orcs (D:4)
  2 bats (D:1)
  4 hobgoblins
  A kobold (D:1)
  A quokka (D:4)
  A frilled lizard (D:2)
  A leopard gecko skeleton (D:4)
  A quokka skeleton (D:4)
  2 rats (D:1)
33 creatures vanquished.

Notes
Turn   | Place    | Note
-------+----------+-------------------------------------------
     0 | D:1      | Flugslaktarn the Minotaur Fighter began the quest for the
                  | Orb.
     0 | D:1      | Reached XP level 1. HP: 19/19 MP: 0/0
    67 | D:1      | Reached XP level 2. HP: 23/27 MP: 1/1
   232 | D:3      | Reached XP level 3. HP: 33/33 MP: 2/2
   269 | D:4      | Found Reistrag's Gadget Emporium.
   304 | D:4      | Reached XP level 4. HP: 27/40 MP: 3/3
  1215 | D:4      | Noticed an ogre
  1223 | D:4      | Killed an ogre
  1223 | D:4      | Reached XP level 5. HP: 35/47 MP: 4/4
  1352 | D:4      | Reached skill level 5 in Axes
  1670 | D:5      | Entered Level 5 of the Dungeon
  1688 | D:5      | Noticed Prince Ribbit
  1919 | D:5      | Reached XP level 6. HP: 55/55 MP: 5/5
  1962 | D:5      | Reached skill level 5 in Fighting
  1962 | D:5      | Reached skill level 5 in Armour
  1962 | D:5      | Reached skill level 5 in Shields
  2084 | D:5      | Mangled by Prince Ribbit

Levels and vault maps discovered:
D:1:      scummos_arrival_star, layout_loops_corners, minmay_box_of_dots
D:2:      cheibrodos_helix_gallery, layout_basic,
          chequers_ecumenical_altar_grove, dk_noncrumbling_3
D:3:      layout_loops_cross, kennysheep_okawaru_gauntlet, uniq_robin,
          uniq_jessica
D:4:      layout_cave_pods, first_ration, serial_shops, shop
D:5:      layout_gridville, minmay_temple_entry_glassed_door,
          nemelex_xobeh_ov_fountains_minmay, uniq_prince_ribbit1

Skill      XL: |  1  2  3  4  5  6 |
---------------+-------------------+-----
Axes           | 3 4 5 |  5.6
Fighting       | 4 5 |  5.0
Armour         | 4 5 |  5.1
Shields        | 4 5 |  5.0

Action                   |  1- 3 |  4- 6 || total
-------------------------+-------+-------++-------
Melee: War axe           |    29 |    67 ||    96
       Headbutt          |     5 |    16 ||    21
  Eat: Chunk             |       |     4 ||     4
Armor: Scale mail        |     8 |    18 ||    26
Dodge: Dodged            |     7 |    19 ||    26
Block: Kite shield       |    12 |    34 ||    46

Table legend:
 A = Non-vault XP
 B = Vault XP
 C = Vault XP percentage of total XP
 D = Non-vault monster count
 E = Vault monster count
 F = Vault count percentage of total count
                 A         B        C        D         E       F
            +---------+---------+-------+---------+---------+-------
      Total |     539 |      10 |   1.8 |      30 |       3 |   9.1
            +---------+---------+-------+---------+---------+-------
        D:1 |      14 |      10 |  41.7 |       7 |       3 |  30.0
        D:2 |       3 |       0 |   0.0 |       2 |       0 |   0.0
        D:3 |      42 |       0 |   0.0 |       1 |       0 |   0.0
        D:4 |     288 |       0 |   0.0 |      16 |       0 |   0.0
        D:5 |     192 |       0 |   0.0 |       4 |       0 |   0.0
            +---------+---------+-------+---------+---------+-------
